 Dungeon Crawl Stone Soup version 0.31.0-11-ge490571c62 (webtiles) character file.

Game seed: 18070638006932874277

29 qw the Shooter (level 3, 0/20 HPs)
             Began as a Deep Elf Hunter on Feb 5, 2024.
             Slain by an adder (2 damage)
             ... on level 2 of the Dungeon.
             The game lasted 00:00:11 (677 turns).

qw the Shooter (Deep Elf Hunter)                     Turns: 677, Time: 00:00:12

Health: 0/20       AC:  3    Str: 10    XL:     3   Next: 1%
Magic:  5/5        EV: 12    Int: 13    God:
Gold:   38         SH:  0    Dex: 18    Spells: 2/2 levels left

rFire   . . .        a - +0 shortbow
rCold   . . .        (shield currently unavailable)
rNeg    . . .        c - +0 leather armour
rPois   .            (no helmet)
rElec   .            (no cloak)
rCorr   .            (no gloves)
SInv    .            (no boots)
Will    .....        (no amulet)
Stlth   ++           (no ring)
HPRegen 0.23/turn    (no ring)
MPRegen 0.09/turn

%: no passive effects
@: lethally poisoned (0 -> -4), about to teleport
A: no striking features
a: no special abilities


You were on level 2 of the Dungeon.
You visited 1 branch of the dungeon, and saw 2 of its levels.

You collected 38 gold pieces.


   Skills:
 - Level 1.5 Fighting
 + Level 6.6 Ranged Weapons
 - Level 2.4 Dodging
 - Level 1.2 Stealth


You had 2 spell levels left.
You didn't know any spells.
Your spell library was empty.

Inventory:

Hand Weapons
 a - a +0 shortbow (weapon)
Armour
 c - a +0 leather armour (worn)
Potions
 b - a potion of lignification {unknown}
 h - a potion of resistance

Dungeon Overview and Level Annotations

Branches:
Dungeon (2/15)

Altars:


Message History

The quokka closely misses you.
You shoot an arrow. The arrow hits the quokka.
The quokka is almost dead.
The quokka bites you but does no damage.
The quokka barely misses you.
You shoot an arrow. The arrow closely misses the quokka.
The arrow barely misses the adder.
The quokka barely misses you.
You shoot an arrow. The arrow misses the quokka.
The arrow misses the adder.
The quokka bites you. The quokka barely misses you.
You shoot an arrow. The arrow completely misses the quokka.
The adder bites you.
The quokka bites you but does no damage.
You shoot an arrow. The arrow barely misses the quokka.
The adder bites you but does no damage. The quokka closely misses you.
You shoot an arrow. The arrow hits the quokka!
You kill the quokka!
The adder bites you but does no damage. x2
You have reached level 3!
Your experience leads to an increase in your attributes!
Increase (S)trength, (I)ntelligence, or (D)exterity?
You feel stronger. x2
You shoot an arrow. The arrow closely misses the adder.
The adder bites you.
You are poisoned.
The adder poisons you! The adder bites you.
You shoot an arrow. The arrow hits the adder!
The adder is severely wounded.
You feel sick. The adder barely misses you.
You shoot an arrow. The arrow closely misses the adder.
You feel sick. The adder bites you.
You shoot an arrow. The arrow closely misses the adder.
You feel sick. The adder bites you.
You are lethally poisoned!
The adder poisons you! The adder closely misses you.
677 ||| READING scroll of teleportation.
As you read the scroll of teleportation, it crumbles to dust.
You feel strangely unstable.
You feel sick. The adder bites you.
You die...

# ... #. 7
7...# #.
.#+#....
........#
.#$.#.# .....
#S.# #@.# #..#
#.# #.##..#
#.# #.....#
#.# #..##.#
#.# #.. #.#
#.#
#..##.####.#
.#..........#
#......).....#


You could see an adder.

Vanquished Creatures
  A gnoll (D:1)
  2 dart slugs (D:1)
  A giant cockroach (D:1)
  A goblin (D:1)
  2 hobgoblins (D:1)
  4 kobolds (D:1)
  A quokka (D:2)
  2 ball pythons (D:1)
  A frilled lizard (D:1)
15 creatures vanquished.

Notes
Turn   | Place    | Note
-------+----------+-------------------------------------------
     0 | D:1      | qw the Deep Elf Hunter began the quest for the Orb.
     0 | D:1      | Reached XP level 1. HP: 12/12 MP: 3/3
     0 | D:1      | 0 ||| qw: Version: 0.3-a-160-g6735b56
     0 | D:1      | 0 ||| qw: Game counter: 6427
     0 | D:1      | 0 ||| qw: Melee chars always use a shield: true
     0 | D:1      | 0 ||| qw: God list: Okawaru
     0 | D:1      | 0 ||| qw: Allow faded altars: false
     0 | D:1      | 0 ||| qw: Do Orc after clearing Dungeon:15 true
     0 | D:1      | 0 ||| qw: Do second Lair branch before Depths: true
     0 | D:1      | 0 ||| qw: Lair rune preference: random
     0 | D:1      | 0 ||| qw: Goals: Normal
     0 | D:1      | 0 ||| PLANNING D:1-11
    44 | D:1      | Reached skill level 6 in Ranged Weapons
    44 | D:1      | Reached XP level 2. HP: 16/16 MP: 4/4
   580 | D:1      | 580 ||| READING 2 scrolls labelled LURORA RYADAA.
   580 | D:1      | 580 ||| IDENTIFYING bubbling blue potion
   581 | D:1      | 581 ||| READING scroll of identify.
   581 | D:1      | 581 ||| IDENTIFYING glowing white potion
   582 | D:1      | 582 ||| READING scroll labelled BOEWAU SUODD.
   583 | D:1      | 583 ||| READING scroll labelled OCWULL XISTRETI.
   586 | D:1      | 586 ||| DROPPING scroll of butterflies.
   587 | D:1      | 587 ||| DROPPING potion of attraction.
   673 | D:2      | Reached XP level 3. HP: 15/20 MP: 5/5
   676 | D:2      | HP: 3/20 [adder (4)]
   677 | D:2      | 677 ||| READING scroll of teleportation.
   677 | D:2      | Slain by an adder

Levels and vault maps discovered:
D:1:      saegor_arrival_simple_e, layout_basic, minmay_splitting_lines,
          roderic_serpentine_path
D:2:      layout_loops_ring, serial_shops, nicolae_shop_real_fake_doors,
          st_stairs_1, uniq_sigmund

Skill      XL: |  1 |
---------------+----+-----
Ranged Weapons | 6 |  6.6
Fighting       | |  1.5
Dodging        | |  2.4
Stealth        | |  1.2

Action                     || total
---------------------------++-------
   Fire: Shortbow          ||    35
    Use: Scroll            ||     5
 Armour: Leather armour    ||    12
  Dodge: Dodged            ||    10

Table legend:
 A = Non-vault XP
 B = Vault XP
 C = Vault XP percentage of total XP
 D = Non-vault monster count
 E = Vault monster count
 F = Vault count percentage of total count
                 A         B        C        D         E       F
            +---------+---------+-------+---------+---------+-------
      Total |      42 |       0 |   0.0 |      15 |       0 |   0.0
            +---------+---------+-------+---------+---------+-------
        D:1 |      40 |       0 |   0.0 |      14 |       0 |   0.0
        D:2 |       2 |       0 |   0.0 |       1 |       0 |   0.0
            +---------+---------+-------+---------+---------+-------
